 Dungeon Sprint DCSS version 0.20-a0-876-g2c7b0bf (webtiles) character file.

6353769 esc the Wrestler (level 17, 163/191 HPs)
             Began as a Troll Berserker on Mar 15, 2017.
             Was an Elder of Trog.
             Escaped with the Orb
             ... and 3 runes!
             The game lasted 01:19:04 (9598 turns).

esc the Wrestler (Troll Berserker)                  Turns: 9598, Time: 01:19:05

Health: 163/191    AC: 36    Str: 31    XL:     17   Next: 92%
Magic:  15/16      EV: 19    Int:  1    God:    Trog [****..]
Gold:   1767       SH: 24    Dex: 16    Spells: 16/16 levels left

rFire    + + +     SeeInvis .     - Unarmed
rCold    + + +     Gourm    +   t - +0 gold dragon scales
rNeg     + + .     Faith    .   x - +0 large shield {AC+3}
rPois    +         Spirit   +   (helmet restricted)
rElec    +         Reflect  .   E - +4 dragonskin cloak
rCorr    +         Harm     .   (gloves unavailable)
MR       +++..     Rnd*Rage +   (boots unavailable) Stlth ..........NoTele +
                                k - amulet "Haniah" {Spirit rElec rN++ Str+2 Dex+2}
Regen    0.9/turn               J - ring of the Clam {+Blink rC+ MR+ Slay+2}
MPRegen  0.2/turn               X - +5 ring of evasion

@: resistant, contaminated, glowing
A: unfitting armour, claws 3, horns 1, talons 2, icy blue scales 1, berserk 1,
blurry vision 1, cold resistance 1, dopey 1, fast metabolism 3, frail 1,
gourmand, magic resistance 1, regeneration 1, shaggy fur 1, tough skin 2
0: Orb of Zot
}: 3/10 runes: decaying, serpentine, silver
a: Berserk, Trog's Hand, Brothers in Arms, Burn Spellbooks, Renounce Religion,
Evoke Blink


You escaped.
You worshipped Trog.
Trog was greatly pleased with you.
You were not hungry.

You visited 1 branch You collected 4314 gold pieces.
You spent 2547 gold pieces at shops.

Inventory:

Hand Weapons
 s - a +7 antimagic broad axe
   (Trog gifted it to you in the Dungeon)
 B - a +0 blowgun
   (You took it off a spriggan in the Dungeon)
Missiles
 u - 14 needles of sleeping
 w - 12 tomahawks of dispersal {=f}
 C - 17 needles of paralysis
 D - 6 curare-tipped needles
 H - 6 throwing nets {=f, !d}
 K - 29 large rocks (quivered) {!d}
 U - 3 silver javelins
 V - 9 javelins of penetration
 W - 7 steel javelins
Armour
 a - a +2 cloak of magic resistance
   (You bought it in a shop in the Dungeon)
 t - +0 gold dragon scales (worn)
   (You found it in the Dungeon)
 x - a +0 large shield of protection (worn)
   (You bought it in a shop in the Dungeon)
 y - the +3 hat of Pondering {ponderous, MR+ MP+10 Int+5}
   (You took it off Gastronok in the Dungeon)

   It affects your intelligence (+5).
   It affects your resistance to hostile enchantments.
   It affects your magic capacity (+10).
 E - the +4 dragonskin cloak (worn)
   (You took it off Tiamat in the Dungeon)
Jewellery
 i - the ring "Koroa" {rN+ SInv}
   (You acquired it in the Dungeon)

   [ring of see invisible]

   It protects you from negative energy.
   It lets you see invisible.
 k - the amulet "Haniah" (around neck) {Spirit rElec rN++ Str+2 Dex+2}
   (You took it off a centaur warrior in the Dungeon)

   [amulet of guardian spirit]

   It causes incoming damage to be split between your health and magic.
   It affects your strength (+2).
   It affects your dexterity (+2).
   It insulates you from electricity.
   It greatly protects you from negative energy.
 q - an uncursed ring of protection from fire {rF+, !d}
   (You took it off a vault guard in the Dungeon)
 J - the ring of the Clam (right claw) {+Blink rC+ MR+ Slay+2}
   (You bought it in a shop in the Dungeon)

   [ring of protection from magic]

   It affects your accuracy and damage with ranged weapons and melee attacks
   (+2).
   It protects you from cold.
   It affects your resistance to hostile enchantments.
   It lets you blink.
 P - the cursed ring of Quddoar {rC++ Slay-3}
   (You found it in the Dungeon)

   [ring of slaying]

   It affects your accuracy and damage with ranged weapons and melee attacks
   (-3).
   It greatly protects you from cold.
   It has a curse placed upon it.
 X - a +5 ring of evasion (left claw)
   (You found it in the Dungeon)
 Z - an uncursed amulet of faith {Faith, !P}
   (You found it in the Dungeon)
Wands
 F - a wand of polymorph (17/24)
   (You found it in the Dungeon)
 S - a wand of digging (13/24)
   (You found it in the Dungeon)
Scrolls
 h - 2 scrolls of blinking {!r}
 l - 2 scrolls of torment {!r}
 m - a scroll of remove curse
 p - 3 scrolls of fear
 M - a scroll of identify
Potions
 c - 3 potions of curing
 d - 2 potions of heal wounds
 f - 2 potions of magic
 g - a potion of berserk rage {!q}
 j - a potion of mutation {!q}
 o - 2 potions of flight
 r - a potion of invisibility
Miscellaneous
 v - a fan of gales
   (You found it in the Dungeon)
 O - a lightning rod (4/4)
   (You found it in the Dungeon)
 Q - a lamp of fire
   (You found it in the Dungeon)
 Y - a crystal ball of energy
   (You found it in the Dungeon)
Comestibles
 b - 4 bread rations {@e1}
 n - 6 meat rations {@e2}


   Skills:
 + Level 23.3 Fighting
 + Level 21.0 Throwing
 + Level 18.8 Armour
 - Level 16.2 Dodging
 - Level 18.6 Shields
 + Level 26.8 Unarmed Combat


You had 16 spell levels left.
You didn't know any spells.

Dungeon Overview and Level Annotations

Branches:
Dungeon (1/1)

Altars:
Cheibriados
Dithmenos
Elyvilon
Fedhas
Gozag
Hepliaklqana
Kikubaaqudgha
Makhleb
Nemelex Xobeh
Okawaru
Qazlal
Ru
Sif Muna
Trog
Uskayaw
Vehumet
Wu Jian
Xom
Yredelemnul
Zin
The Shining One
Beogh
Jiyva
Lugonu

Shops:
D ?(}=(?[}[%[%}}?%!%[(=:[*

Annotations:
D Chuck


Innate Abilities, Weirdness & Mutations

You are too large for most types of armour.
You have claws for hands.
Your metabolism is lightning-fast.
You like to eat raw meat.
Your natural rate of healing is unusually fast.
You are covered in fur. (AC +1)
You have very tough skin. (AC +2)
You have a pair of small horns on your head.
You have razor-sharp toenails.
You are partially covered in icy blue scales. (AC +2)
You tend to lose your temper in combat.
Scrolls take you a little longer to read.
Your flesh is cold resistant. (rC+)
You are dopey. (Int -2)
You are frail. (-10% HP)
You are resistant to hostile enchantments. (MR+)


Message History

You miss Fuass. Your kick misses Fuass. Your headbutt misses Fuass.
You block Fuass's attack.
You mangle Fuass!!
The lich mumbles some strange words.
The lich seems to speed up.
The phantasmal warrior blinks!
You block Fuass's attack.
You miss Fuass. Your kick misses Fuass. You block Fuass's attack.
Your skin crawls.
You feel resistant to hostile enchantments.
You feel somewhat more hungry. You block Fuass's attack.
The phantasmal warrior blinks!
You block Fuass's attack.
You regained 2 hp, and now have 102/189 hp.
You eviscerate Fuass!!! Your kick misses Fuass. You headbutt Fuass!
You kill Fuass!
Trog accepts your kill.
Your Fighting skill increases to level 23!
You claw the lich! You claw the lich, but do no damage.
You headbutt the lich, but do no damage.
You block the lich's attack.
You mangle the lich!! You claw the lich, but do no damage.
Your headbutt misses the lich. Letz gestures at you.
You feel haunted. You block the lich's attack.
You eviscerate the lich!!! Your kick misses the lich. You headbutt the lich.
You block the phantasmal warrior's attack.
You mangle the lich!!
You destroy the lich!
Trog accepts your kill.
Trog appreciates your killing of a magic user.
Trog will gift you weapons as your piety grows.
You regained 2 hp, and now have 108/191 hp.
You eviscerate the phantasmal warrior!!!!
You destroy the phantasmal warrior!
Okay, then.
Your two-headed ogre goes berserk!
You feel somewhat more hungry. Trog will no longer gift you weapons.
Your body shudders with the violent release of wild energies!
Your toenails lengthen and sharpen.
You eviscerate Letz!!! You claw Letz, but do no damage.
You headbutt Letz, but do no damage. You claw Letz!
You headbutt Letz, but do no damage.
Your two-headed ogre hits Letz with a giant spiked club.
Your two-headed ogre hits Letz with a giant spiked club!
You claw Letz! You claw Letz. You headbutt Letz, but do no damage.
Letz hits you. The wraith hits your two-headed ogre.
The wraith drains your two-headed ogre's vigour!
Your two-headed ogre seems to slow down.
Your two-headed ogre hits Letz with a giant spiked club!!!
Your two-headed ogre hits Letz with a giant spiked club!!
You take 4 damage, and have 108/191 hp.
You catch the helpless Letz completely off-guard!
You scratch Letz. You claw Letz. Your headbutt misses Letz.
You eviscerate Letz!!!
You kill Letz!
Trog accepts your kill.
The wraith disappears in a puff of smoke! x2
The freezing wraith disappears in a puff of smoke!
Your Throwing skill increases to level 21!
The small abomination barely misses you.
You regained 2 hp, and now have 112/191 hp.
You scratch the small abomination but do no damage.
You headbutt the small abomination.
You feel yourself speed up.
Your two-headed ogre hits the small abomination with a giant spiked club!!
The small abomination is destroyed!
Trog accepts your kill.
Things that are here:
a leather armour; a dagger Your extra speed is starting to run out.
Your two-headed ogre rages.
You feel less exhausted.
Your two-headed ogre rages.
Your two-headed ogre is no longer moving slowly.
There is a fountain of clear blue water here.
Your two-headed ogre rages.
There is an open door to the Ecumenical Temple here.
You feel yourself slow down.
You regained 23 hp, and now have 137/191 hp.
You regained 2 mp, and now have 13/16 mp.
The rock shatters into small pieces.
This wand has 14 charges left.
You regained 2 hp, and now have 139/191 hp.
You regained 2 hp, and now have 141/191 hp.
Your two-headed ogre rages.
You regained 2 hp, and now have 144/191 hp.
You regained 2 hp, and now have 146/191 hp.
You regained 2 hp, and now have 148/191 hp.
You feel the effects of Trog's Hand fading.
You regained 2 hp, and now have 150/191 hp.
You regained 2 hp, and now have 153/191 hp.
The rock shatters into small pieces.
This wand has 13 charges left.
You regained 2 hp, and now have 155/191 hp.
You regained 2 hp, and now have 157/191 hp.
You regained 2 hp, and now have 159/191 hp.
Your skin stops crawling.
You feel less resistant to hostile enchantments.
Your two-headed ogre rages.
There is a staircase leading out of the dungeon here.
You have escaped!

▓▓▓▓▓▓▓▓▓ ▓▓
▓@O.#[..#### ##.
▓...#......#####..
▓..#........#..#..
▓##.#..##...#..#..
##.##.###..##'#..
▓#.####...........
▓.###..##..####...
▓#.....##..###....
###..##...##.....


You could see a friendly two-headed ogre (berserk).

Vanquished Creatures
  Tiamat (D)
  An orb of fire (D)
  4 pandemonium lords (D)
  Mennas (D)
  Mara (D)
  An ancient lich (D)
  Boris (D)
  Frederick (D)
  Xtahua (D)
  Sigmund (D)
  A Killer Klown (D)
  Nikola (D)
  Geryon (D)
  2 golden dragons (D)
  An electric golem (D)
  2 Orb Guardians (D)
  A titan (D)
  2 quicksilver dragons (D)
  A deep elf blademaster (D)
  2 liches (D)
  Gastronok (D)
  2 sphinxes (D)
  An Executioner (D)
  An ancient champion (D)
  3 shadow dragons (D)
  A storm dragon (D)
  Roxanne (D)
  A nagaraja (D)
  2 fire giants (D)
  A draconian stormcaller (D)
  3 stone giants (D)
  2 reapers (D)
  2 vampire knights (D)
  Nessos (D)
  A yellow draconian (D)
  Snorg (D)
  A blizzard demon (D)
  A mummy priest (D)
  2 yaktaur captains (D)
  3 fire dragons (D)
  2 hell beasts (D)
  12 vault guards (D)
  A naga warrior (D)
  A hydra (D)
  4 anacondas (D)
  3 centaur warriors (D)
  4 dancing weapons (D)
  4 death yaks (D)
  2 orc high priests (D)
  A titan zombie (D)
  Urug (D)
  2 soul eaters (D)
  4 sun demons (D)
  7 skeletal warriors (D)
  2 deep elf knights (D)
  A shadow wraith (D)
  A fire crab (shapeshifter) (D)
  A death drake (D)
  A spriggan druid (D)
  2 unseen horrors (D)
  An anaconda zombie (D)
  A glowing orange brain (D)
  A lindwurm (D)
  2 obsidian statues (D)
  An orc knight (D)
  4 deep elf magi (D)
  2 crystal guardians (D)
  3 ugly things (D)
  A shining eye (D)
  2 oklob plants (D)
  An orc sorcerer (D)
  A moth of wrath (D)
  A salamander (shapeshifter) (D)
  An elephant (shapeshifter) (D)
  An iron troll simulacrum (D)
  2 black mambas (D)
  An elephant (D)
  9 statues (D)
  A molten gargoyle (D)
  A torpor snail (shapeshifter) (D)
  Edmund (D)
  A guardian serpent (D)
  2 spiny frogs (D)
  A rime drake (D)
  A komodo dragon (D)
  2 ice devils (D)
  7 yaktaurs (D)
  3 anaconda simulacra (D)
  A hellwing (D)
  2 guardian mummies (D)
  3 wandering mushrooms (D)
  4 spriggan defenders (D)
  2 tyrant leeches (D)
  A snapping turtle (shapeshifter) (D)
  8 blink frogs (D)
  11 slime creatures (D)
  2 hornets (D)
  A slime creature (shapeshifter) (D)
  3 redbacks (D)
  A ynoxinul (D)
  A shadow (D)
  2 spriggans (D)
  A chaos spawn (D)
  A golden eye (D)
  2 nagas (D)
  A spatial vortex (D)
  7 water moccasins (D)
  A floating eye (D)
  A hydra simulacrum (D)
  2 hell hounds (D)
  A swamp drake (D)
  3 orc warriors (D)
  A necrophage (D)
  2 centaurs (D)
  An earth elemental (D)
  A water elemental (D)
  A killer bee (D)
  5 electric eels (D)
  A crimson imp (D)
  A quasit (D)
  A jelly (D)
  A wizard (D)
  3 orc priests (D)
  2 orc wizards (D)
  Crazy Yiuf (D)
  A polar bear simulacrum (D)
  A necromancer (D)
  3 wolf simulacra (D)
  3 humans (D)
  A kobold demonologist (D)
  3 adders (D)
  An ufetubus (D)
  An ooze (D)
  7 orcs (D)
  3 rats (D)
  2 ballistomycetes (D)
  2 butterflies (D)
  13 plants (D)
293 creatures vanquished.

Vanquished Creatures (collateral kills)
  An Orb Guardian (D)
  Rupert (D)
  A frost giant (D)
  2 draconian stormcallers (D)
  A draconian shifter (D)
  2 dire elephants (D)
  2 hydras (D)
  5 vault guards (D)
  An ogre mage (D)
  A deep elf knight (D)
  A skeletal warrior (D)
  An anaconda zombie (D)
  2 crystal guardians (D)
  An orc knight (D)
  An elephant (D)
  A yaktaur (D)
  A small abomination (D)
25 creatures vanquished.

Vanquished Creatures (others)
  A pandemonium lord (D)
  An Orb Guardian (D)
  A draconian knight (D)
  2 draconian scorchers (D)
  A deep elf knight (D)
  A toenail golem (D)
  6 hellions (D)
  3 yaktaurs (D)
  A hellwing (D)
  A hornet (D)
  An orc high priest (D)
  A ynoxinul (D)
  A killer bee (D)
  A crimson imp (D)
  2 orc priests (D)
  3 ball lightnings (D)
  2 ballistomycetes (D)
  5 ballistomycete spores (D)
  A bush (D)
  18 plants (D)
53 creatures vanquished.

Grand Total: 371 creatures vanquished

Notes
Turn   | Place    | Note
-------+----------+-------------------------------------------
     0 | D        | esc the Troll Berserker began the quest for the Orb.
     0 | D        | Reached XP level 1. HP: 22/22 MP: 0/0
    32 | D        | Reached ** piety under Trog
    32 | D        | Reached skill level 3 in Fighting
    34 | D        | Killed a yaktaur
    48 | D        | Noticed Crazy Yiuf
    58 | D        | Reached skill level 3 in Dodging
    58 | D        | Reached skill level 4 in Unarmed Combat
    58 | D        | Reached XP level 2. HP: 16/32 MP: 1/1
    61 | D        | HP: 3/48 [Crazy Yiuf/quarterstaff of chaos (14)]
    63 | D        | Killed Crazy Yiuf
    63 | D        | Reached skill level 4 in Fighting
    63 | D        | Reached skill level 4 in Dodging
    63 | D        | Reached skill level 5 in Unarmed Combat
    63 | D        | Reached XP level 3. HP: 4/39 MP: 2/2
    77 | D        | Killed a hellion
    78 | D        | Killed a hellion
    96 | D        | Killed a hellion
   124 | D        | Noticed a water elemental
   126 | D        | Killed a water elemental
   126 | D        | Reached *** piety under Trog
   126 | D        | Reached skill level 5 in Fighting
   126 | D        | Reached skill level 6 in Unarmed Combat
   126 | D        | Reached XP level 4. HP: 50/50 MP: 3/3
   130 | D        | Found a glowing silver altar of Zin.
   131 | D        | Found a glowing golden altar of the Shining One.
   131 | D        | Found a white marble altar of Elyvilon.
   131 | D        | Noticed a deep elf mage
   136 | D        | Killed a deep elf mage
   136 | D        | Reached skill level 7 in Fighting
   136 | D        | Reached skill level 7 in Dodging
   136 | D        | Reached skill level 9 in Unarmed Combat
   136 | D        | Reached XP level 5. HP: 45/63 MP: 4/4
   136 | D        | Reached XP level 6. HP: 51/72 MP: 5/5
   136 | D        | Reached XP level 7. HP: 56/79 MP: 6/6
   136 | D        | Killed a hellion
   178 | D        | Found a radiant altar of Vehumet.
   178 | D        | Found a deep blue altar of Sif Muna.
   178 | D        | Found an ancient bone altar of Kikubaaqudgha.
   182 | D        | Reached **** piety under Trog
   194 | D        | Found a hide-covered altar of Uskayaw.
   194 | D        | Found a roughly hewn altar of Beogh.
   194 | D        | Found an iron altar of Okawaru.
   194 | D        | Found a bloodstained altar of Trog.
   194 | D        | Found an ornate altar of the Wu Jian Council.
   194 | D        | Noticed a human
   200 | D        | Killed a hellion
   201 | D        | Noticed a human
   201 | D        | Killed a human
   201 | D        | Reached skill level 8 in Fighting
   201 | D        | Reached skill level 8 in Dodging
   203 | D        | Killed a hellion
   206 | D        | Killed a white draconian scorcher
   207 | D        | Killed a human
   207 | D        | Reached skill level 10 in Unarmed Combat
   215 | D        | Killed a white draconian scorcher
   217 | D        | Found a basalt altar of Yredelemnul.
   217 | D        | Found a shadowy altar of Dithmenos.
   217 | D        | Found a sacrificial altar of Ru.
   224 | D        | Reached ***** piety under Trog
   224 | D        | Received a gift from Trog
   344 | D        | Noticed a shadow
   349 | D        | Killed a shadow
   349 | D        | Reached skill level 9 in Fighting
   349 | D        | Reached skill level 9 in Dodging
   349 | D        | Reached XP level 8. HP: 83/92 MP: 7/7
   367 | D        | Found a blossoming altar of Fedhas.
   367 | D        | Found a stormy altar of Qazlal.
   367 | D        | Found a snail-covered altar of Cheibriados.
   367 | D        | Found a burning altar of Makhleb.
   367 | D        | Found a shimmering altar of Xom.
   368 | D        | Found a hazy altar of Hepliaklqana.
   368 | D        | Found an opulent altar of Gozag.
   368 | D        | Found a sparkling altar of Nemelex Xobeh.
   368 | D        | Found a corrupted altar of Lugonu.
   368 | D        | Found a viscous altar of Jiyva.
   382 | D        | Reached skill level 11 in Unarmed Combat
   499 | D        | Noticed Snorg
   508 | D        | Killed Snorg
   508 | D        | Received a gift from Trog
   508 | D        | Reached skill level 10 in Fighting
   508 | D        | Reached skill level 10 in Dodging
   508 | D        | Reached skill level 12 in Unarmed Combat
   508 | D        | Reached XP level 9. HP: 101/101 MP: 8/8
   669 | D        | Noticed a centaur warrior
   677 | D        | Killed a centaur warrior
   677 | D        | Reached skill level 11 in Fighting
   677 | D        | Reached skill level 11 in Dodging
   727 | D        | Found Modymoej's Armour Boutique.
   744 | D        | Reached skill level 13 in Unarmed Combat
   750 | D        | Noticed an orc sorcerer
   751 | D        | Noticed an orc knight
   758 | D        | Received a gift from Trog
   763 | D        | Killed an orc sorcerer
   766 | D        | Killed an orc knight
   771 | D        | Reached XP level 10. HP: 110/114 MP: 9/9
   779 | D        | Reached ****** piety under Trog
   786 | D        | Received a gift from Trog
   825 | D        | Noticed an orc high priest
   832 | D        | Killed an orc high priest
   832 | D        | Reached skill level 12 in Fighting
   832 | D        | Reached skill level 14 in Unarmed Combat
   898 | D        | Bought a +0 large shield of protection for 126 gold pieces
   904 | D        | Bought a +2 cloak of magic resistance for 236 gold pieces
   920 | D        | Noticed a deep elf knight
   920 | D        | Noticed a deep elf mage
   920 | D        | Noticed a deep elf mage
   920 | D        | Noticed a deep elf knight
   920 | D        | Noticed a deep elf mage
   950 | D        | Killed a deep elf knight
   950 | D        | Reached skill level 4 in Shields
   956 | D        | Killed a deep elf knight
   956 | D        | Reached skill level 5 in Shields
   957 | D        | Killed a deep elf mage
   957 | D        | Reached skill level 6 in Shields
  1011 | D        | Killed a deep elf mage
  1011 | D        | Received a gift from Trog
  1011 | D        | Reached skill level 7 in Shields
  1023 | D        | Killed a deep elf mage
  1023 | D        | Reached skill level 8 in Shields
  1050 | D        | Noticed a deep elf mage
  1052 | D        | Noticed a deep elf death mage
  1052 | D        | Noticed a deep elf annihilator
  1054 | D        | Noticed a deep elf mage
  1114 | D        | Killed an unseen horror
  1114 | D        | Reached skill level 9 in Shields
  1153 | D        | Killed an unseen horror
  1153 | D        | Reached skill level 10 in Shields
  1153 | D        | Reached XP level 11. HP: 56/123 MP: 10/10
  1490 | D        | Received a gift from Trog
  1491 | D        | Got a crude morningstar {god gift}
  1520 | D        | Identified the +3 morningstar "Cudotase" {distort, +Inv Str+4} (Trog gifted it to you in the Dungeon)
  1591 | D        | Reached skill level 11 in Shields
  1672 | D        | Reached skill level 12 in Shields
  1730 | D        | Received a gift from Trog
  1875 | D        | Noticed Rupert
  1887 | D        | Killed Rupert
  1887 | D        | Reached skill level 13 in Shields
  1960 | D        | Noticed a death yak
  1961 | D        | Noticed a death yak
  1973 | D        | Killed a death yak
  1973 | D        | Reached skill level 14 in Shields
  1976 | D        | Killed a death yak
  2020 | D        | Noticed a death yak
  2031 | D        | Killed a death yak
  2031 | D        | Reached skill level 15 in Shields
  2035 | D        | Noticed a death yak
  2050 | D        | Killed a death yak
  2050 | D        | Received a gift from Trog
  2053 | D        | Reached XP level 12. HP: 92/132 MP: 11/11
  2058 | D        | Received a gift from Trog
  2118 | D        | Noticed an azure jelly
  2118 | D        | Noticed an azure jelly
  2125 | D        | Noticed an azure jelly
  2125 | D        | Noticed an azure jelly
  2148 | D        | Noticed a fire dragon
  2164 | D        | Killed a fire dragon
  2168 | D        | Reached skill level 16 in Shields
  2228 | D        | Noticed a fire dragon
  2240 | D        | Killed a fire dragon
  2281 | D        | Found Vaseju's Magic Scroll Shoppe.
  2281 | D        | Found Tasoem's Antique Weapon Boutique.
  2285 | D        | Found Lomidil's Gadget Emporium.
  2291 | D        | Bought a scroll of acquirement for 572 gold pieces
  2291 | D        | Bought a scroll of identify for 22 gold pieces
  2291 | D        | Bought a scroll of blinking for 82 gold pieces
  2300 | D        | Got a scorched marble ring
  2301 | D        | Identified the ring "Koroa" {rN+ SInv} (You acquired it in the Dungeon)
  2322 | D        | Noticed a six-headed hydra
  2322 | D        | Noticed Xtahua
  2334 | D        | Killed Xtahua
  2334 | D        | Reached skill level 17 in Shields
  2341 | D        | Killed a ten-headed hydra
  2351 | D        | Got a decaying rune of Zot
  2480 | D        | Bought a scroll of identify for 22 gold pieces
  2480 | D        | Bought a scroll of identify for 22 gold pieces
  2564 | D        | Noticed a dire elephant
  2564 | D        | Noticed a dire elephant
  2564 | D        | Noticed Gastronok
  2569 | D        | Killed Gastronok
  2569 | D        | Reached skill level 18 in Shields
  2575 | D        | Killed a dire elephant
  2585 | D        | Killed a dire elephant
  2585 | D        | Received a gift from Trog
  2647 | D        | Reached skill level 12 in Dodging
  2736 | D        | Received a gift from Trog
  2738 | D        | Noticed Urug
  2746 | D        | Killed Urug
  2785 | D        | Noticed an eight-headed hydra
  2785 | D        | Noticed a seven-headed hydra
  2813 | D        | Killed an eight-headed hydra
  2832 | D        | Killed an eight-headed hydra
  2872 | D        | HP: 29/131 [poison (dark miasma)]
  2877 | D        | HP: 19/131 [poison (dark miasma)]
  2882 | D        | HP: 15/131 [poison (dark miasma)]
  2888 | D        | HP: 14/131 [poison (dark miasma)]
  2893 | D        | HP: 15/131 [poison (dark miasma)]
  2899 | D        | HP: 17/131 [poison (dark miasma)]
  2907 | D        | HP: 21/131 [poison (dark miasma)]
  3069 | D        | Noticed an anaconda
  3082 | D        | Killed an anaconda
  3082 | D        | Received a gift from Trog
  3082 | D        | Reached XP level 13. HP: 113/139 MP: 12/12
  3143 | D        | Reached skill level 15 in Unarmed Combat
  3148 | D        | Reached skill level 13 in Fighting
  3203 | D        | Reached skill level 13 in Dodging
  3208 | D        | Received a gift from Trog
  3255 | D        | Noticed a nagaraja
  3471 | D        | Killed a nagaraja
  3471 | D        | Received a gift from Trog
  3518 | D        | Found Juim's Jewellery Shop.
  3518 | D        | Found Fimmelez's Antique Weapon Shoppe.
  3522 | D        | Found Dupsankupt's Magic Scroll Boutique.
  3528 | D        | Bought a scroll of magic mapping for 49 gold pieces
  3548 | D        | Got a serpentine rune of Zot
  3702 | D        | Found a blossoming altar of Fedhas.
  3725 | D        | Received a gift from Trog
  4091 | D        | Noticed Sigmund
  4091 | D        | Noticed Edmund
  4102 | D        | Killed Sigmund
  4102 | D        | Reached skill level 14 in Fighting
  4102 | D        | Reached skill level 14 in Dodging
  4102 | D        | Reached skill level 16 in Unarmed Combat
  4106 | D        | Killed Edmund
  4221 | D        | Received a gift from Trog
  4275 | D        | Identified Gaeth's Catalogue of the Escort and the Snowflakes
  4314 | D        | Received a gift from Trog
  4335 | D        | Noticed a fire dragon
  4351 | D        | Killed a fire dragon
  4351 | D        | Reached skill level 17 in Unarmed Combat
  4421 | D        | Got a jewelled eveningstar
  4423 | D        | Identified the +5 eveningstar of the Vine {flame, MR+ Int-2 Dex+4} (You found it in the Dungeon)
  4476 | D        | Reached skill level 15 in Fighting
  4590 | D        | Received a gift from Trog
  4591 | D        | Reached skill level 15 in Dodging
  4604 | D        | Got a scorched rapier {god gift}
  4611 | D        | Found Reriuto's Antique Weapon Shop.
  4611 | D        | Found Puurghid's General Store.
  4611 | D        | Found Zihajeim's Food Emporium.
  4611 | D        | Found Arghukk's Food Boutique.
  4611 | D        | Found Geri's Antique Armour Emporium.
  4611 | D        | Found Gohahuil's Antique Armour Shop.
  4611 | D        | Found Otzoi's Distillery.
  4611 | D        | Found Logassesm's Magic Scroll Shoppe.
  4611 | D        | Found Reorgh's Book Emporium.
  4611 | D        | Found Toechurupp's Gadget Shop.
  4611 | D        | Found Xeewenyc's Jewellery Boutique.
  4611 | D        | Found Bocvupn's Gadget Emporium.
  4648 | D        | Bought a potion of resistance for 100 gold pieces
  4654 | D        | Bought a +2 amulet of reflection for 75 gold pieces
  4654 | D        | Bought the ring of the Clam {+Blink rC+ MR+ Slay+2} for 544 gold pieces
  4658 | D        | Bought a ripped robe for 102 gold pieces
  4658 | D        | Identified the +3 robe "Soomun" {-Tele rElec rC+} (You bought it in a shop in the Dungeon)
  4664 | D        | Bought a scroll of identify for 20 gold pieces
  4673 | D        | Bought a scroll of identify for 22 gold pieces
  4674 | D        | Bought 2 potions of agility for 88 gold pieces
  4674 | D        | Bought a potion of curing for 33 gold pieces
  4674 | D        | Bought a potion of curing for 33 gold pieces
  4810 | D        | Noticed Chuck
  4937 | D        | Received a gift from Trog
  4937 | D        | Reached XP level 14. HP: 148/157 MP: 13/13
  4977 | D        | Noticed Frederick
  5002 | D        | Reached skill level 1 in Throwing
  5025 | D        | Killed Frederick
  5025 | D        | Reached skill level 3 in Throwing
  5025 | D        | Reached skill level 18 in Unarmed Combat
  5099 | D        | Got an ancient bronze ring
  5102 | D        | Identified the cursed ring of Quddoar {rC++ Slay-3} (You found it in the Dungeon)
  5141 | D        | Received a gift from Trog
  5183 | D        | Noticed a lich
  5191 | D        | Killed a lich
  5191 | D        | Reached skill level 4 in Throwing
  5350 | D        | Noticed a shadow dragon
  5350 | D        | Noticed a shadow dragon
  5357 | D        | Killed a shadow dragon
  5357 | D        | Reached skill level 5 in Throwing
  5360 | D        | Received a gift from Trog
  5362 | D        | Killed a shadow dragon
  5364 | D        | Reached skill level 16 in Fighting
  5364 | D        | Reached skill level 6 in Throwing
  5433 | D        | Reached skill level 16 in Dodging
  5441 | D        | Noticed a golden dragon
  5481 | D        | Killed a golden dragon
  5481 | D        | Reached skill level 7 in Throwing
  5534 | D        | Noticed a quicksilver dragon
  5545 | D        | Killed a quicksilver dragon
  5545 | D        | Reached skill level 2 in Armour
  5545 | D        | Reached skill level 19 in Unarmed Combat
  5550 | D        | Received a gift from Trog
  5581 | D        | Reached skill level 8 in Throwing
  5581 | D        | Reached skill level 3 in Armour
  5601 | D        | Noticed a shadow dragon
  5616 | D        | Killed a shadow dragon
  5616 | D        | Reached skill level 4 in Armour
  5651 | D        | Received a gift from Trog
  5660 | D        | Noticed a stone giant
  5675 | D        | Killed a stone giant
  5716 | D        | Noticed a quicksilver dragon
  5726 | D        | Killed a quicksilver dragon
  5726 | D        | Reached skill level 9 in Throwing
  5726 | D        | Reached skill level 5 in Armour
  5734 | D        | Reached skill level 17 in Fighting
  5741 | D        | Received a gift from Trog
  5741 | D        | Reached skill level 6 in Armour
  5745 | D        | Got a smoking iron amulet
  5791 | D        | Identified the amulet "Haniah" {Spirit rElec rN++ Str+2 Dex+2} (You took it off a centaur warrior in the Dungeon)
  5804 | D        | Noticed a fire giant
  5804 | D        | Noticed a titan
  5804 | D        | Noticed a golden dragon
  5831 | D        | Reached skill level 10 in Throwing
  5838 | D        | Reached XP level 15. HP: 172/172 MP: 5/14
  5843 | D        | Killed a titan
  5843 | D        | Reached skill level 7 in Armour
  5843 | D        | Reached skill level 20 in Unarmed Combat
  5845 | D        | Received a gift from Trog
  5850 | D        | Killed a fire giant
  5855 | D        | Killed a golden dragon
  5855 | D        | Reached skill level 11 in Throwing
  5855 | D        | Reached skill level 8 in Armour
  5886 | D        | Received a gift from Trog
  5953 | D        | Got a silver rune of Zot
  6102 | D        | Bought a scroll of identify for 20 gold pieces
  6108 | D        | Bought a scroll of identify for 22 gold pieces
  6108 | D        | Bought a scroll of identify for 22 gold pieces
  6110 | D        | Bought a scroll of identify for 22 gold pieces
  6110 | D        | Bought a scroll of fear for 38 gold pieces
  6111 | D        | Bought a bread ration for 55 gold pieces
  6111 | D        | Bought a meat ration for 55 gold pieces
  6111 | D        | Bought a meat ration for 55 gold pieces
  6111 | D        | Bought a meat ration for 55 gold pieces
  6111 | D        | Bought a bread ration for 55 gold pieces
  6196 | D        | Noticed Boris
  6205 | D        | Killed Boris
  6205 | D        | Received a gift from Trog
  6205 | D        | Reached skill level 18 in Fighting
  6205 | D        | Reached skill level 9 in Armour
  6207 | D        | Reached skill level 12 in Throwing
  6271 | D        | Received a gift from Trog
  6283 | D        | Found Karhoss's Armour Emporium.
  6283 | D        | Found Fehimoc's Armour Shop.
  6283 | D        | Found Xiom's Food Shop.
  6283 | D        | Found Tarph's Food Shoppe.
  6289 | D        | Reached skill level 21 in Unarmed Combat
  6329 | D        | Noticed Roxanne
  6341 | D        | Killed Roxanne
  6342 | D        | Identified Roxanne's Papyrus of Clay (You took it off Roxanne in the Dungeon)
  6416 | D        | Found Suxaos's Gadget Boutique.
  6426 | D        | Received a gift from Trog
  6452 | D        | Noticed a black draconian knight
  6461 | D        | Killed a black draconian knight
  6467 | D        | Received a gift from Trog
  6467 | D        | Reached skill level 10 in Armour
  6469 | D        | Received a gift from Trog
  6504 | D        | Noticed an Executioner
  6507 | D        | Killed an Executioner
  6566 | D        | Noticed Mennas
  6587 | D        | Killed Mennas
  6587 | D        | Reached skill level 13 in Throwing
  6587 | D        | Reached skill level 11 in Armour
  6982 | D        | Received a gift from Trog
  7031 | D        | Noticed Mara
  7048 | D        | Killed Mara
  7048 | D        | Received a gift from Trog
  7048 | D        | Reached skill level 19 in Fighting
  7048 | D        | Reached skill level 14 in Throwing
  7048 | D        | Reached skill level 22 in Unarmed Combat
  7066 | D        | Received a gift from Trog
  7066 | D        | Reached skill level 12 in Armour
  7069 | D        | Reached XP level 16. HP: 187/187 MP: 15/15
  7228 | D        | Noticed an ancient champion
  7231 | D        | Killed an ancient champion
  7269 | D        | Received a gift from Trog
  7301 | D        | Received a gift from Trog
  7339 | D        | Received a gift from Trog
  7367 | D        | Noticed a storm dragon
  7395 | D        | Killed a storm dragon
  7395 | D        | Reached skill level 15 in Throwing
  7396 | D        | Noticed Nikola
  7429 | D        | Killed Nikola
  7429 | D        | Received a gift from Trog
  7429 | D        | Reached skill level 13 in Armour
  7452 | D        | Received a gift from Trog
  7570 | D        | Noticed Nessos
  7586 | D        | Killed Nessos
  7586 | D        | Received a gift from Trog
  7602 | D        | Paralysed by a floating eye for 4 turns
  7716 | D        | Noticed a deep elf blademaster
  7724 | D        | Killed a deep elf blademaster
  7724 | D        | Reached skill level 20 in Fighting
  7724 | D        | Reached skill level 23 in Unarmed Combat
  7869 | D        | Reached skill level 16 in Throwing
  7879 | D        | Received a gift from Trog
  7887 | D        | Received a gift from Trog
  7971 | D        | Received a gift from Trog
  7971 | D        | Reached skill level 14 in Armour
  8009 | D        | Received a gift from Trog
  8019 | D        | Received a gift from Trog
  8031 | D        | Noticed Geryon
  8069 | D        | Killed Geryon
  8070 | D        | Received a gift from Trog
  8313 | D        | Received a gift from Trog
  8336 | D        | Noticed an ancient lich
  8391 | D        | Noticed a sphinx
  8391 | D        | Noticed a sphinx
  8404 | D        | Paralysed by a sphinx for 5 turns
  8410 | D        | Killed a sphinx
  8410 | D        | Received a gift from Trog
  8410 | D        | Reached skill level 17 in Throwing
  8422 | D        | Killed a sphinx
  8422 | D        | Received a gift from Trog
  8428 | D        | Reached skill level 24 in Unarmed Combat
  8707 | D        | Noticed a Killer Klown
  8719 | D        | Killed a Killer Klown
  8719 | D        | Reached skill level 21 in Fighting
  8719 | D        | Reached skill level 15 in Armour
  8728 | D        | Noticed an Orb Guardian
  8728 | D        | Noticed an Orb Guardian
  8736 | D        | Killed an Orb Guardian
  8741 | D        | Killed an Orb Guardian
  8742 | D        | Received a gift from Trog
  8746 | D        | Received a gift from Trog
  8750 | D        | Received a gift from Trog
  8802 | D        | Noticed an ancient lich
  8811 | D        | Killed an ancient lich
  8811 | D        | Received a gift from Trog
  8811 | D        | Reached skill level 18 in Throwing
  8811 | D        | Reached skill level 16 in Armour
  8811 | D        | Reached XP level 17. HP: 203/203 MP: 16/16
  8863 | D        | Noticed an electric golem
  8869 | D        | Killed an electric golem
  8873 | D        | Received a gift from Trog
  8894 | D        | Noticed Tiamat
  8915 | D        | Killed Tiamat
  8915 | D        | Received a gift from Trog
  8915 | D        | Reached skill level 19 in Throwing
  8915 | D        | Reached skill level 25 in Unarmed Combat
  8983 | D        | Noticed an orb of fire
  8993 | D        | Gained mutation: You are partially covered in iridescent scales. (AC +2) [an orb of fire]
  8994 | D        | Killed an orb of fire
  8994 | D        | Reached skill level 22 in Fighting
  8994 | D        | Reached skill level 17 in Armour
  9012 | D        | Gained mutation: You are frail. (-10% HP) [mutagenic glow]
  9043 | D        | Gained mutation: You are resistant to hostile enchantments. (MR+) [mutagenic glow]
  9084 | D        | Gained mutation: Your body sometimes deteriorates upon taking damage. [mutagenic glow]
  9222 | D        | Gained mutation: You evolve. [a zot statue]
  9226 | D        | Gained mutation: You are very frail. (-20% HP) [mutagenic glow]
  9240 | D        | Got the Orb of Zot
  9250 | D        | Gained mutation: You tend to lose your temper in combat. [mutagenic glow]
  9272 | D        | Noticed Diphyor the pandemonium lord
  9314 | D        | Killed Diphyor the pandemonium lord
  9321 | D        | Lost mutation: You are very frail. (-20% HP) [mutagenic glow]
  9355 | D        | Gained mutation: You often lose your temper in combat. [mutagenic glow]
  9356 | D        | Lost mutation: You are frail. (-10% HP) [potion of mutation]
  9356 | D        | Lost mutation: You evolve. [potion of mutation]
  9356 | D        | Gained mutation: Your flesh is cold resistant. (rC+) [potion of mutation]
  9374 | D        | Lost mutation: You are partially covered in iridescent scales. (AC +2) [potion of mutation]
  9374 | D        | Lost mutation: You often lose your temper in combat. [potion of mutation]
  9374 | D        | Lost mutation: You tend to lose your temper in combat. [potion of mutation]
  9374 | D        | Gained mutation: You are frail. (-10% HP) [potion of mutation]
  9374 | D        | Gained mutation: You are partially covered in icy blue scales. (AC +2) [potion of mutation]
  9374 | D        | Gained mutation: You have a pair of small horns on your head. [potion of mutation]
  9374 | D        | Gained mutation: You have sharp toenails. [potion of mutation]
  9382 | D        | Gained mutation: Scrolls take you a little longer to read. [mutagenic glow]
  9386 | D        | Noticed an Orb Guardian
  9391 | D        | Killed an Orb Guardian
  9391 | D        | Received a gift from Trog
  9395 | D        | Killed an Orb Guardian
  9419 | D        | Noticed Ryxets the pandemonium lord
  9433 | D        | Killed Ryxets the pandemonium lord
  9433 | D        | Reached skill level 20 in Throwing
  9433 | D        | Reached skill level 26 in Unarmed Combat
  9433 | D        | Lost mutation: Your body sometimes deteriorates upon taking damage. [mutagenic glow]
  9435 | D        | Reached skill level 18 in Armour
  9481 | D        | Gained mutation: You tend to lose your temper in combat. [mutagenic glow]
  9507 | D        | Received a gift from Trog
  9510 | D        | Noticed Okalieso the pandemonium lord
  9519 | D        | Killed Okalieso the pandemonium lord
  9520 | D        | Gained mutation: You are dopey. (Int -2) [mutagenic glow]
  9522 | D        | Noticed Fuass the pandemonium lord
  9524 | D        | Noticed Letz the pandemonium lord
  9535 | D        | Noticed a lich
  9548 | D        | Killed Fuass the pandemonium lord
  9548 | D        | Reached skill level 23 in Fighting
  9552 | D        | Killed a lich
  9554 | D        | Gained mutation: You have razor-sharp toenails. [mutagenic glow]
  9559 | D        | Killed Letz the pandemonium lord
  9559 | D        | Reached skill level 21 in Throwing
  9598 | D        | Escaped with the Orb!

Vault maps used:
D:        dungeon_sprint_mu

Skill      XL: |  1  2  3  4  5  6  7  8  9 10 11 12 13 14 15 16 17 |
---------------+----------------------------------------------------+-----
Fighting       | 3 4 5 7 9 10 11 12 15 17 19 21 23 | 23.3
Dodging        | 3 4 7 9 10 11 12 15 16 | 16.2
Unarmed Combat | 4 5 6 9 10 12 13 14 17 19 22 24 26 | 26.8
Shields        | 10 15 18 | 18.6
Throwing       | 10 14 18 21 | 21.0
Armour         | 6 12 16 18 | 18.8

Action                   |  1- 3 |  4- 6 |  7- 9 | 10-12 | 13-15 | 16-18 || total
-------------------------+-------+-------+-------+-------+-------+-------++-------
Melee: Unarmed           |    18 |     5 |    90 |   242 |   494 |   409 ||  1258
       Punch             |     1 |       |     5 |     3 |       |       ||     9
       Headbutt          |       |       |       |       |       |    21 ||    21
       Kick              |       |       |       |       |       |    16 ||    16
 Fire: Blowgun           |       |       |       |       |     5 |       ||     5
Throw: Large rock        |       |       |       |       |       |     8 ||     8
Invok: Berserk           |     2 |       |     3 |     9 |    19 |     9 ||    42
       Brothers in Arms  |       |       |       |     6 |    11 |    13 ||    30
       Trog's Hand       |       |       |       |     1 |       |     2 ||     3
 Abil: Evoke Blink       |       |       |       |       |       |     3 ||     3
Evoke: Wand              |       |       |       |       |     1 |     4 ||     5
  Use: Scroll            |       |       |       |     7 |     8 |     1 ||    16
       Potion            |       |       |       |       |     3 |    12 ||    15
 Stab: Distracted        |       |       |       |     1 |     3 |     2 ||     6
       Paralysed         |       |       |       |       |     3 |       ||     3
       Held in net/web   |       |       |       |       |       |     2 ||     2
  Eat: Chunk             |     3 |       |    13 |    31 |    52 |    24 ||   123
       Royal jelly       |       |       |       |       |     2 |       ||     2
       Fruit             |       |       |       |       |       |     7 ||     7
       Bread ration      |       |       |       |       |       |     1 ||     1
Armor: Animal skin       |     1 |     1 |     6 |     1 |       |       ||     9
       Robe              |       |       |       |    17 |    17 |       ||    34
       Gold dragon scale |       |       |       |       |    49 |    68 ||   117
Dodge: Dodged            |     5 |     1 |    27 |    64 |    80 |    76 ||   253
Block: Large shield      |       |       |       |   129 |   398 |   235 ||   762
       Reflection        |       |       |       |       |     4 |       ||     4

Vault maps used:
D:        dungeon_sprint_mu

Table legend:
 A = Turns spent in this place as a percentage of turns spent in the entire game.
 B = Non-inter-level travel turns spent in this place as a percentage of non-inter-level travel turns spent in the entire game.
 C = Inter-level travel turns spent in this place as a percentage of turns spent in this place.
 D = Turns resting spent in this place as a percentage of non-inter-level travel turns spent in this place.
 E = Turns spent auto-exploring this place as a percentage of non-inter-level travel turns spent in this place.
 F = Non-inter-level travel turns spent in this place divided by the number of levels of this place that you've seen.
                   A       B       C       D       E      F
               +-------+-------+-------+-------+-------+----------------------
         Total | 100.0 | 100.0 |   0.4 |   6.6 |   0.0 | 5274.0
       Dungeon | 100.0 | 100.0 |   0.4 |   6.6 |   0.0 | 5274.0
               +-------+-------+-------+-------+-------+----------------------

Table legend:
 A = Kills in this place as a percentage of kills in entire the game.
 B = Kills by you in this place as a percentage of kills by you in the entire game.
 C = Kills by friends in this place as a percentage of kills by friends in the entire game.
 D = Other kills in this place as a percentage of other kills in the entire game.
 E = Experience gained in this place as a percentage of experience gained in the entire game.
 F = Experience gained in this place divided by the number of levels of this place that you have seen.
                   A       B       C       D       E      F
               +-------+-------+-------+-------+-------+----------------------
         Total | 100.0 | 100.0 | 100.0 | 100.0 | 100.0 | 284462.0
       Dungeon | 100.0 | 100.0 | 100.0 | 100.0 | 100.0 | 284462.0
               +-------+-------+-------+-------+-------+----------------------
